 Dungeon Crawl Stone Soup version 0.29.0-15-g675c0067aa (webtiles) character file.

Game seed: 621882990553407146

349 qw the Chopper (level 6, 0/38 HPs)
             Began as a Gargoyle Fighter on Sept 12, 2022.
             Slain by Pikel
             ... wielding a +1 whip of flaming
              (1 damage)
             ... on level 4 of the Dungeon.
             The game lasted 00:01:35 (3806 turns).

qw the Chopper (Gargoyle Fighter)                   Turns: 3806, Time: 00:01:35

Health: 0/38       AC: 14    Str: 22    XL:     6   Next: 60%
Magic:  6/6        EV:  7    Int:  8    God:
Gold:   259        SH:  4    Dex:  9    Spells: 5/5 levels left

rFire   . . .      SeeInvis .   Y - +0 war axe
rCold   . . .      Faith    .   c - +0 buckler
rNeg    + . .      Spirit   .   g - +0 chain mail
rPois   inf        Reflect  .   (no helmet)
rElec   +          Harm     .   n - +0 cloak
rCorr   .          Rampage  .   (no gloves)
Will    .....                   (no boots)
Stlth   ..........              (no amulet)
HPRegen 0.12/turn               (no ring)
MPRegen 0.10/turn               (no ring)

@: no status effects
A: sickness immunity, AC +4, negative energy resistance 1, electricity
resistance, torment resistance 1, petrification resistance
a: no special abilities


You were on level 4 of the Dungeon.
You visited 1 branch of the dungeon, and saw 4 of its levels.

You collected 259 gold pieces.


Innate Abilities, Weirdness & Mutations

You are immune to sickness and miasma.
Your stone body is resilient. (AC +4)
You are immune to poison.
You resist negative energy. (rN+)
You are resistant to electric shocks. (rElec)
You are resistant to unholy torment.
You are immune to petrification.


   Skills:
 - Level 4.1 Fighting
 + Level 5.8 Axes
 - Level 3.2 Armour
 - Level 3.2 Shields


You had 5 spell levels left.
You didn't know any spells.
Your spell library was empty.

Inventory:

Hand Weapons
 m - a +0 flail
 Y - a +0 war axe (weapon)
Armour
 c - a +0 buckler (worn)
 g - a +0 chain mail (worn)
 n - a +0 cloak (worn)
 q - the +1 leather armour "Muarecro" {rPois Will- rCorr}
   (You found it on level 2 of the Dungeon)

   rPois:     It protects you from poison.
   rCorr:     It protects you from acid and corrosion.
   Will:      It decreases your willpower.
Jewellery
 b - a +4 ring of slaying {mikee}
Scrolls
 a - 2 scrolls of identify
 e - 3 scrolls of teleportation {unknown}
Potions
 d - 2 potions of might
 h - a potion of attraction {unknown}
 i - a potion of degeneration {unknown}
 j - a potion of flight {unknown}
 k - 2 potions of resistance
 l - a potion of curing {unknown}
 r - 2 potions of invisibility {unknown}

Dungeon Overview and Level Annotations

Branches:
Dungeon (4/15)
 Temple: D:4-7

Altars:
Dithmenos
Fedhas
Hepliaklqana
Nemelex Xobeh

Annotations:
D:4 Pikel


Message History

You slash Pikel!
Pikel is almost dead.
You closely miss the lemure.
Pikel zaps a wand.
You suddenly lose the ability to move!
The lemure hits you. Pikel hits you but does no damage.
The lemure hits you but does no damage. Pikel hits you but does no damage.
The lemure hits you but does no damage. Pikel hits you but does no damage.
You can move again.
You hit Pikel.
Pikel is almost dead.
You closely miss the lemure. Pikel hits you but does no damage.
You block the lemure's attack.
Pikel hits you with a +1 whip of flaming.
Pikel burns you. The lemure barely misses you.
You closely miss Pikel.
Pikel is almost dead.
You closely miss the lemure. Pikel hits you but does no damage.
The lemure hits you but does no damage.
You hit Pikel.
Pikel is almost dead.
You closely miss the lemure. Pikel hits you but does no damage.
The lemure hits you but does no damage.
You barely miss Pikel.
Pikel is almost dead.
You slash the lemure!
Pikel hits you with a +1 whip of flaming.
Pikel burns you. The lemure hits you but does no damage.
You hit Pikel but do no damage.
Pikel is almost dead.
You slash the lemure!
Pikel hits you with a +1 whip of flaming.
Pikel burns you. The lemure barely misses you.
You miss Pikel.
Pikel is almost dead.
You hit the lemure.
Pikel zaps a wand.
You resist with some effort. The lemure hits you but does no damage.
Pikel hits you with a +1 whip of flaming.
Pikel burns you.
You die...

.##..
....# #.
....#
##..
....#
#..#
....#
#..#
.####
#..#####
#
#...5..
. #$)#K#
# # #5@#
##.#
#.###..
##.#.#
##%# #.#
#.####
#....#
##
#..#.#
.#
##...#


You could see Pikel and 2 lemures.

Vanquished Creatures
  A phantom (D:4)
  A lemure (D:4)
  An orc priest (D:3)
  2 hounds (D:4)
  3 gnolls (D:3)
  4 adders
  2 worms
  4 dart slugs
  16 orcs
  6 bats
  6 endoplasms
  2 giant cockroaches
  3 hobgoblins
  16 jackals
  7 kobolds
  2 quokkas
  5 ball pythons
  2 frilled lizards
  4 goblins
  6 rats
93 creatures vanquished.

Notes
Turn   | Place    | Note
-------+----------+-------------------------------------------
     0 | D:1      | qw the Gargoyle Fighter began the quest for the Orb.
     0 | D:1      | Reached XP level 1. HP: 14/14 MP: 1/1
     0 | D:1      | 0 ||| qw: Version: 0.1-a-119-g272c26d
     0 | D:1      | 0 ||| qw: Game counter: 10888
     0 | D:1      | 0 ||| qw: Always use a shield: true
     0 | D:1      | 0 ||| qw: God list: Okawaru
     0 | D:1      | 0 ||| qw: Allow faded altars: false
     0 | D:1      | 0 ||| qw: Do Orc after D:15 true
     0 | D:1      | 0 ||| qw: Do second Lair branch before Depths: true
     0 | D:1      | 0 ||| qw: Lair rune preference: random
     0 | D:1      | 0 ||| qw: Plans: Normal, Zot, God:TSO, Crypt, Tomb, Pan,
                  | Slime, Hells, Zig, Abyss, Orb
     0 | D:1      | 0 ||| PLANNING D:1-11
   117 | D:1      | Reached skill level 2 in Axes
   173 | D:1      | 173 ||| Stepping ~*~*~tactically~*~*~ (hiding).
   352 | D:1      | Reached XP level 2. HP: 16/19 MP: 2/2
   502 | D:1      | 502 ||| Stepping ~*~*~tactically~*~*~ (stealth).
   503 | D:1      | 503 ||| Stepping ~*~*~tactically~*~*~ (stealth).
   859 | D:2      | 859 ||| Stepping ~*~*~tactically~*~*~ (hiding).
   868 | D:2      | 868 ||| FLEEEEING.
   869 | D:2      | 869 ||| STAIRDANCE
   921 | D:2      | 921 ||| Stepping ~*~*~tactically~*~*~ (hiding).
   951 | D:2      | 951 ||| Stepping ~*~*~tactically~*~*~ (stealth).
  1144 | D:2      | Identified the +0 leather armour of the Scuffed God
                  | {Rampage Str+3 Dex+6 Stlth-}
  1166 | D:2      | Reached skill level 3 in Axes
  1173 | D:2      | Reached XP level 3. HP: 20/23 MP: 3/3
  1502 | D:2      | Identified the +4 scale mail of Tuoc {Harm Int+9 Dex-5}
  1606 | D:2      | Identified the +1 leather armour "Muarecro" {rPois Will-
                  | rCorr}
  1769 | D:2      | Reached XP level 4. HP: 28/28 MP: 4/4
  1798 | D:2      | 1798 ||| Stepping ~*~*~tactically~*~*~ (hiding).
  1892 | D:2      | 1892 ||| DROPPING +0 leather armour of the Scuffed God
                  | {Rampage Str+3 Dex+6 Stlth-}.
  1893 | D:2      | 1893 ||| DROPPING +1 ring mail of poison resistance.
  1894 | D:2      | 1894 ||| UPGRADING to +0 cloak.
  1899 | D:2      | 1899 ||| READING 3 scrolls labelled NYETHR VI HUIJ.
  1900 | D:2      | 1900 ||| READING scroll labelled WIFIWN EMOINN.
  1901 | D:2      | 1901 ||| DRINKING 2 fizzy brown potions.
  1902 | D:2      | 1902 ||| READING 2 scrolls of identify.
  1902 | D:2      | 1902 ||| IDENTIFYING glowing clear potion
  1938 | D:3      | 1938 ||| Stepping ~*~*~tactically~*~*~ (hiding).
  1946 | D:3      | Reached skill level 4 in Axes
  1992 | D:3      | 1992 ||| Stepping ~*~*~tactically~*~*~ (stealth).
  2025 | D:3      | 2025 ||| DROPPING +0 club.
  2027 | D:3      | Found a blossoming altar of Fedhas.
  2046 | D:3      | 2046 ||| Stepping ~*~*~tactically~*~*~ (stealth).
  2048 | D:3      | 2048 ||| Stepping ~*~*~tactically~*~*~ (stealth).
  2050 | D:3      | 2050 ||| Stepping ~*~*~tactically~*~*~ (stealth).
  2064 | D:3      | Reached XP level 5. HP: 32/32 MP: 5/5
  2184 | D:3      | 2184 ||| Stepping ~*~*~tactically~*~*~ (stealth).
  2260 | D:3      | 2260 ||| DROPPING +0 mace.
  2307 | D:3      | Reached skill level 5 in Axes
  2359 | D:3      | 2359 ||| Stepping ~*~*~tactically~*~*~ (stealth).
  2456 | D:3      | 2456 ||| FLEEEEING.
  2457 | D:3      | 2457 ||| FLEEEEING.
  2462 | D:3      | 2462 ||| FLEEEEING.
  2463 | D:3      | 2463 ||| FLEEEEING.
  2464 | D:3      | 2464 ||| FLEEEEING.
  2465 | D:3      | 2465 ||| FLEEEEING.
  2466 | D:3      | 2466 ||| FLEEEEING.
  2467 | D:3      | 2467 ||| FLEEEEING.
  2468 | D:3      | 2468 ||| FLEEEEING.
  2469 | D:3      | 2469 ||| FLEEEEING.
  2532 | D:3      | 2532 ||| Stepping ~*~*~tactically~*~*~ (stealth).
  2550 | D:3      | Found a hazy altar of Hepliaklqana.
  2561 | D:3      | HP: 8/32 [orc/+0 war axe (8)]
  2562 | D:3      | 2562 ||| DRINKING potion of heal wounds.
  2568 | D:3      | HP: 8/32 [orc/+0 war axe (9)]
  2824 | D:3      | Found a shadowy altar of Dithmenos.
  3097 | D:3      | Found a sparkling altar of Nemelex Xobeh.
  3100 | D:3      | 3100 ||| UPGRADING to +0 chain mail.
  3110 | D:3      | 3110 ||| DROPPING +0 scale mail.
  3111 | D:3      | 3111 ||| DROPPING +4 scale mail of Tuoc {Harm Int+9 Dex-5}.
  3112 | D:3      | 3112 ||| READING 2 scrolls of identify.
  3112 | D:3      | 3112 ||| IDENTIFYING brown potion
  3113 | D:3      | 3113 ||| DROPPING potion of brilliance.
  3151 | D:4      | Noticed a phantom
  3152 | D:4      | 3152 ||| Stepping ~*~*~tactically~*~*~ (stealth).
  3154 | D:4      | 3154 ||| Stepping ~*~*~tactically~*~*~ (stealth).
  3162 | D:4      | 3162 ||| Stepping ~*~*~tactically~*~*~ (stealth).
  3163 | D:4      | Killed a phantom
  3164 | D:4      | Reached XP level 6. HP: 32/38 MP: 6/6
  3164 | D:4      | 3164 ||| Stepping ~*~*~tactically~*~*~ (stealth).
  3214 | D:4      | 3214 ||| Stepping ~*~*~tactically~*~*~ (stealth).
  3260 | D:4      | 3260 ||| Stepping ~*~*~tactically~*~*~ (stealth).
  3267 | D:4      | 3267 ||| Stepping ~*~*~tactically~*~*~ (stealth).
  3278 | D:4      | 3278 ||| FLEEEEING.
  3541 | D:4      | 3541 ||| Stepping ~*~*~tactically~*~*~ (stealth).
  3586 | D:4      | Noticed Pikel
  3587 | D:4      | 3587 ||| FLEEEEING.
  3682 | D:4      | 3682 ||| Stepping ~*~*~tactically~*~*~ (stealth).
  3784 | D:4      | Paralysed by Pikel for 4 turns
  3797 | D:4      | Paralysed by Pikel for 4 turns
  3804 | D:4      | HP: 8/38 [Pikel/+1 whip of flaming (3)]
  3805 | D:4      | HP: 2/38 [Pikel/+1 whip of flaming (2)]
  3806 | D:4      | Slain by Pikel

Levels and vault maps discovered:
D:1:      lemuel_arrival_tunnels, layout_rooms,
          shapermc_ecumenical_altar_mp_urbaneastern, minivault_11,
          nicolae_hexahallways
D:2:      layout_loops_ring
D:3:      layout_rooms, fedhas_ov_isle_minmay, lemuel_round_altar,
          lemuel_tele_altar, nemelex_diamond_rough_becter
D:4:      layout_loops_ring, hangedman_abyss_or_decor_lesser_grid,
          minmay_fountain_box, guppyfry_early_orc_mine, uniq_pikel

Skill      XL: |  1  2  3  4  5 |
---------------+----------------+-----
Axes           | 2 3 4 5 |  5.8
Fighting       | 4 |  4.1
Armour         | |  3.2
Shields        | |  3.2

Action                   |  1- 3 |  4- 6 || total
-------------------------+-------+-------++-------
Melee: War axe           |   119 |   233 ||   352
  Use: Scroll            |       |     4 ||     4
       Potion            |       |     2 ||     2
Armor: Scale mail        |    76 |    78 ||   154
       Chain mail        |       |    78 ||    78
Dodge: Dodged            |    59 |    89 ||   148
Block: Buckler           |    27 |    45 ||    72

Table legend:
 A = Non-vault XP
 B = Vault XP
 C = Vault XP percentage of total XP
 D = Non-vault monster count
 E = Vault monster count
 F = Vault count percentage of total count
                 A         B        C        D         E       F
            +---------+---------+-------+---------+---------+-------
      Total |     496 |       3 |   0.6 |      91 |       1 |   1.1
            +---------+---------+-------+---------+---------+-------
        D:1 |      17 |       0 |   0.0 |      10 |       0 |   0.0
        D:2 |      74 |       0 |   0.0 |      27 |       0 |   0.0
        D:3 |     167 |       0 |   0.0 |      35 |       0 |   0.0
        D:4 |     238 |       3 |   1.2 |      19 |       1 |   5.0
            +---------+---------+-------+---------+---------+-------
